 Dungeon Crawl Stone Soup version 0.30.0-13-g156ef70053 (webtiles) character file.

Game seed: 6105216600641878927

123563 benadryl the Warrior (level 16, -18/157 HPs)
             Began as a Minotaur Berserker on May 16, 2023.
             Was an Elder of Trog.
             Demolished by a salamander
             ... wielding a +0 trident
              (23 damage)
             ... on level 3 of the Snake Pit on May 17, 2023.
             The game lasted 01:04:25 (33287 turns).

benadryl the Warrior (Minotaur Berserker)          Turns: 33287, Time: 01:04:26

Health: -18/157    AC: 21    Str: 36    XL:     16   Next: 37%
Magic:  15/15      EV:  9    Int:  4    God:    Trog [****..]
Gold:   1727       SH:  0    Dex: 13    Spells: 15/15 levels left

rFire   . . .        K - +8 glaive of Wuusk {venom, +Blink rElec Will++ SInv}
rCold   . . .        (shield currently unavailable)
rNeg    + . .        T - +0 plate armour {rPois}
rPois   +            (helmet restricted)
rElec   +            I - +2 cloak
rCorr   .            A - +2 pair of gloves {Str+3}
SInv    +            (no boots)
Will    +++..        r - amulet of the acrobat Stlth
                     h - ring of positive energy
HPRegen 0.46/turn    j - +6 ring of strength
MPRegen 0.14/turn

%: acrobat
@: lethally poisoned (-18 -> -21), slowed, constricted, very slow
A: horns 2, retaliatory headbutt
a: Renounce Religion, Evoke Blink, Berserk, Trog's Hand, Brothers in Arms


You were on level 3 of the Snake Pit.
You worshipped Trog.
Trog was greatly pleased with you.
You visited 4 branches of the dungeon, and saw 24 of its levels.
You also visited: Ossuary, Gauntlet, Ice Cave and Volcano.

You collected 2238 gold pieces.
You spent 511 gold pieces at shops.

Inventory:

Hand Weapons
 l - the +6 glaive "Itwum" {flame, rC+ Str-5 Stlth+}
   (Trog gifted it to you on level 2 of the Orcish Mines)

   Str:       It affects your strength (-5).
   rC:        It protects you from cold.
   Stlth:     It makes you more stealthy.
 K - the +8 glaive of Wuusk (weapon) {venom, +Blink rElec Will++ SInv}
   (You found it on level 1 of the Lair of Beasts)

   rElec:     It insulates you from electricity.
   SInv:      It lets you see invisible.
   +Blink:    It lets you blink.
   Will:      It greatly increases your willpower.
 S - a +4 antimagic executioner's axe
 U - a +3 demon trident of freezing
 W - a +0 glaive
Missiles
 t - 7 silver javelins
 z - 10 javelins (quivered)
 E - 6 curare-tipped darts
Armour
 w - a +3 plate armour of fire resistance
 A - a +2 pair of gloves of strength (worn)
 C - +0 acid dragon scales
 I - a +2 cloak (worn)
 N - the +3 hat of Pondering {ponderous, Will+ MP+10 Int+5}
   (You took it off Gastronok on level 3 of the Lair of Beasts)

   Int:       It affects your intelligence (+5).
   MP:        It affects your magic capacity (+10).
   Will:      It increases your willpower.
 Q - a +4 scale mail of willpower
 T - a +0 plate armour of poison resistance (worn)
 Y - a +1 kite shield of protection
Jewellery
 a - the ring of Gylo Fesm {Ice rElec Str+2}
   (You found it in a Gauntlet)

   [ring of ice]

   It enhances your ice magic.
   Str:       It affects your strength (+2).
   rF:        It makes you vulnerable to fire.
   rC:        It protects you from cold.
   rElec:     It insulates you from electricity.
 h - a ring of positive energy (left hand)
 j - a +6 ring of strength (right hand)
 r - an amulet of the acrobat (around neck)
 X - a ring of flight
Wands
 d - a wand of flame (7)
 e - a wand of charming (25)
 i - a wand of light (9)
 v - a wand of polymorph (6)
 F - a wand of iceblast (4)
 L - a wand of digging (21)
 R - a wand of mindburst (12)
Scrolls
 c - 4 scrolls of noise
 n - 13 scrolls of teleportation
 p - 3 scrolls of enchant armour
 q - 2 scrolls of brand weapon
 s - 5 scrolls of amnesia
 u - 6 scrolls of poison
 B - 6 scrolls of fog
 H - a scroll of silence
 M - 3 scrolls of immolation
 O - a scroll of fear
 V - 9 scrolls of identify {@r1}
Potions
 b - 20 potions of curing {@q1}
 f - 5 potions of might
 g - 3 potions of lignification
 k - 2 potions of heal wounds
 m - a potion of attraction
 o - 2 potions of haste
 x - a potion of cancellation
 D - a potion of resistance
 G - a potion of flight {unknown}
Miscellaneous
 y - a box of beasts
 J - a tin of tremorstones (2/2)
 P - a lightning rod (4/4)
 Z - a phial of floods


   Skills:
 + Level 17.8 Fighting
 - Level 16.0(19.2) Axes
 - Level 17.6(20.0) Polearms
 - Level 8.0 Throwing
 - Level 10.0 Armour
 - Level 10.0 Dodging
 - Level 5.6 Shields
 - Level 8.3 Evocations


You had 15 spell levels left.
You didn't know any spells.
Your spell library was empty.

Dungeon Overview and Level Annotations

Branches:
Dungeon (14/15) Temple (0/1) D:7 Lair (5/5) D:11 Shoals (0/4) Lair:3 Snake (3/4) Lair:3 Slime (0/5) Lair:5 Orc (2/2) D:12 Elf (0/3) Orc:2 Vaults (0/5) D:13 D:14 Ossuary (visited) IceCv (visited) Volcano (visited) Gauntlet (visited)

Altars:
Dithmenos
Nemelex Xobeh
Okawaru
Vehumet
Wu Jian
Xom
Yredelemnul
Jiyva

Shops:
Orc:2 :![*

Portals:
Pandemonium: Orc:2

Annotations:
D:14 Nessos
Lair:5 3 runed translucent doors, meatpath's ghost, journeyman TrMo


Innate Abilities, Weirdness & Mutations

You have a pair of horns on your head.
You reflexively headbutt those who attack you in melee.


Message History

The naga warrior grabs you.
You stop ascending the stairs.
The naga warrior constricts you.
The salamander hits you but does no damage.
The naga mage hits you from afar with a +0 halberd.
You slash the naga warrior!
You headbutt the naga warrior, but do no damage.
The naga warrior is moderately wounded.
You feel sick. The naga warrior spits poison at you.
The splash of poison hits you. You resist. The naga warrior constricts you.
The naga warrior blocks your attack. x2
The naga warrior is moderately wounded.
You feel sick.
The salamander hits you from afar with a +0 trident!
* * * LOW HITPOINT WARNING * * *
You are engulfed in flames!
* * * LOW HITPOINT WARNING * * *
The naga mage gestures at you while chanting.
The bolt of poison hits you. You resist.
* * * LOW HITPOINT WARNING * * *
The naga spits poison at you.
The splash of poison hits you but does no damage.
You have difficulty breathing.
* * * LOW HITPOINT WARNING * * *
You feel yourself slow down. The naga warrior misses you.
You furiously retaliate!
You headbutt the naga warrior. The naga warrior constricts you.
* * * LOW HITPOINT WARNING * * *
You feel much better.
You feel sick.
The salamander hits you from afar with a +0 trident!
* * * LOW HITPOINT WARNING * * *
You are engulfed in flames!
* * * LOW HITPOINT WARNING * * *
The naga mage closely misses you.
The naga warrior hits you with a +0 hand axe!
* * * LOW HITPOINT WARNING * * *
The naga warrior constricts you.
* * * LOW HITPOINT WARNING * * *
The salamander hits you from afar with a +0 trident!!
You die...

###... ##
####..... .
.......# .#
.##...(.####.#
.......<.....
.........N.#
.......).÷.###
#....N@NN÷..#
........####....#
....#..N. ..# ...
#..... # .
...#....
#.....##..
##....# ...
...... #..


You could see a naga warrior (strong), a salamander (strong), a naga mage
(strong) and 2 nagas.

Vanquished Creatures
  Rupert (D:13)
  Kirke (Lair:3)
  Gastronok (Lair:3)
  Aizul (Snake:1)
  A minotaur (Gauntlet)
  A centaur warrior (D:13)
  7 anacondas
  A ghost crab (Gauntlet)
  A catoblepas (Lair:5)
  6 two-headed ogres
  3 demonspawn (Orc:2)
  A deep troll shaman (Lair:5)
  A boulder beetle (D:13)
  2 tengu warriors (D:13)
  12 naga warriors
  3 death yaks (Lair:5)
  4 orc high priests (Orc:2)
  Urug (Lair:2)
  A naga sharpshooter (Snake:1)
  3 shock serpents
  2 sun demons (Orc:2)
  Nergalle (D:12)
  Sonja (Lair:3)
  A salamander mystic (Snake:2)
  A fire crab (Lair:5)
  2 skysharks
  3 naga ritualists
  A wizard (Volcano)
  A lindwurm (Lair:5)
  8 mana vipers
  5 ugly things
  7 orc sorcerers (Orc:2)
  7 orc knights
  A deep elf pyromancer (Volcano)
  6 cyclopes
  14 salamanders
  3 manticores
  7 elephants
  2 ice statues (IceCv)
  4 guardian serpents
  An orange demon (Orc:2)
  23 black mambas
  3 molten gargoyles (Volcano)
  8 naga magi
  5 gargoyles
  2 smoke demons (Orc:2)
  8 cane toads
  2 rime drakes
  Maggie (D:8)
  An unseen horror (D:12)
  2 kobold demonologists
  11 komodo dragons
  2 tengu conjurers (D:13)
  An ice devil (Orc:2)
  5 burning bushes (Lair:1)
  2 meliai
  4 polar bears
  10 trolls
  Prince Ribbit (Lair:2)
  A raiju (shapeshifter) (D:13)
  A wind drake (Lair:3)
  19 blink frogs
  A dream sheep (Lair:5)
  9 slime creatures
  Sigmund (D:3)
  33 yaks
  8 wyverns
  Eustachio (D:4)
  2 hogs (Lair:3)
  3 wraiths
  16 humans (D:13)
  4 steam dragons
  8 basilisks
  3 fire bats (Lair:3)
  5 vampire mosquitoes
  18 nagas
  Edmund (D:4)
  A warg (Orc:2)
  An acid dragon (D:13)
  15 water moccasins
  22 orc warriors
  2 ice beasts (D:7)
  5 black bears
  10 wolves
  9 centaurs
  5 ogres
  4 kobold brigands
  An elf zombie (Ossuary)
  9 bullfrogs
  2 scorpions (D:5)
  7 necrophages (Lair:4)
  2 elephant simulacra (IceCv)
  4 electric eels (D:11)
  2 howler monkeys (D:7)
  4 lava snakes (Snake:2)
  3 jellies (Lair:5)
  A centaur zombie (Ossuary)
  A human zombie (Ossuary)
  A gnoll bouda (D:7)
  25 orc priests
  3 iguanas
  3 hounds
  4 sleepcaps
  Jessica (D:3)
  Terence (D:3)
  20 orc wizards
  A polar bear simulacrum (IceCv)
  2 hound zombies (Ossuary)
  Robin (D:4)
  3 mummies (Ossuary)
  10 adders
  10 gnolls
  A shadow imp (D:5)
  2 white imps
  4 adder zombies (Ossuary)
  3 dart slugs
  54 orcs
  6 bats
  8 endoplasms
  6 giant cockroaches
  14 goblins
  18 hobgoblins
  2 jackals (D:3)
  16 kobolds
  5 quokkas
  6 ball pythons
  5 frilled lizards
  2 gnoll zombies (Ossuary)
  5 goblin zombies (Ossuary)
  A hobgoblin zombie (Ossuary)
  3 jackal zombies (Ossuary)
  2 kobold zombies (Ossuary)
  3 quokka zombies (Ossuary)
  4 rats
  4 rat zombies (Ossuary)
724 creatures vanquished.

Vanquished Creatures (collateral kills)
  Fannar (D:11)
  A hydra (Lair:2)
  A salamander tyrant (Snake:2)
  An anaconda (Snake:1)
  A naga ritualist (Snake:2)
  A salamander (Snake:2)
  3 elephants (Lair:5)
  A komodo dragon (Lair:5)
  6 dream sheep (Lair:5)
  5 orc warriors (Orc:2)
  3 orc priests (Orc:2)
  A gnoll bouda (D:8)
  4 orcs (Orc:2)
29 creatures vanquished.

Vanquished Creatures (others)
  A human (Lair:3)
  A kobold brigand (D:9)
  An orc wizard (Orc:2)
  A kobold (D:9)
4 creatures vanquished.

Grand Total: 757 creatures vanquished

Notes
Turn   | Place    | Note
-------+----------+-------------------------------------------
     0 | D:1      | benadryl the Minotaur Berserker began the quest for the
                  | Orb.
     0 | D:1      | Reached XP level 1. HP: 19/19 MP: 0/0
   359 | D:1      | Reached XP level 2. HP: 26/26 MP: 1/1
   948 | D:2      | Reached skill level 5 in Axes
   954 | D:2      | Reached ** piety under Trog
   955 | D:2      | Reached XP level 3. HP: 29/31 MP: 2/2
  1186 | D:2      | Reached XP level 4. HP: 39/39 MP: 3/3
  1471 | D:2      | Found an iron altar of Okawaru.
  1563 | D:3      | Found a faded altar of an unknown god.
  1581 | D:3      | Noticed Jessica
  1590 | D:3      | Killed Jessica
  1663 | D:3      | Found a basalt altar of Yredelemnul.
  1664 | D:3      | Found a radiant altar of Vehumet.
  1664 | D:3      | Noticed Terence
  1665 | D:3      | Found a sparkling altar of Nemelex Xobeh.
  1669 | D:3      | Killed Terence
  1670 | D:3      | Reached XP level 5. HP: 45/45 MP: 4/4
  1740 | D:3      | Noticed Sigmund
  1746 | D:3      | Killed Sigmund
  1747 | D:3      | Reached XP level 6. HP: 51/51 MP: 5/5
  1924 | D:3      | Reached *** piety under Trog
  2383 | D:4      | Noticed Eustachio
  2393 | D:4      | Killed Eustachio
  2394 | D:4      | Reached XP level 7. HP: 55/57 MP: 6/6
  2411 | D:4      | Noticed Edmund
  2424 | D:4      | Killed Edmund
  2425 | D:4      | Reached skill level 10 in Axes
  2898 | D:4      | Noticed Robin
  2910 | D:4      | Killed Robin
  3410 | D:5      | Entered Level 5 of the Dungeon
  3661 | D:5      | You fall into a shaft and drop 2 floors!
  3720 | D:6      | Reached XP level 8. HP: 60/64 MP: 7/7
  3845 | D:6      | Reached skill level 5 in Fighting
  3885 | D:6      | Found a shadowy altar of Dithmenos.
  3981 | D:6      | Found a sand-covered staircase.
  3987 | Ossuary  | Entered an ossuary
  4037 | Ossuary  | Reached **** piety under Trog
  4269 | D:6      | Reached XP level 9. HP: 82/82 MP: 8/8
  4284 | D:6      | Found a shimmering altar of Xom.
  5353 | D:7      | Reached skill level 10 in Fighting
  5531 | D:7      | Found a staircase to the Ecumenical Temple.
  5542 | D:7      | Reached skill level 5 in Armour
  5697 | D:7      | Found an ornate altar of the Wu Jian Council.
  5760 | D:7      | Reached ***** piety under Trog
  6559 | D:8      | Noticed a two-headed ogre
  6568 | D:8      | Killed a two-headed ogre
  6569 | D:8      | Reached XP level 10. HP: 57/93 MP: 9/9
  6970 | D:8      | Reached skill level 10 in Armour
  6973 | D:8      | Noticed Maggie
  6991 | D:8      | Killed Maggie
  8409 | D:9      | Reached skill level 15 in Axes
  8736 | D:9      | Noticed a two-headed ogre
  8741 | D:9      | Killed a two-headed ogre
  8742 | D:9      | Reached XP level 11. HP: 59/99 MP: 10/10
  9072 | D:10     | Entered Level 10 of the Dungeon
  9232 | D:10     | Noticed a sixfirhy
  9564 | D:10     | Noticed a two-headed ogre
  9568 | D:10     | Killed a two-headed ogre
  9807 | D:10     | Noticed a two-headed ogre
  9815 | D:10     | Killed a two-headed ogre
 10417 | D:11     | Found a staircase to the Lair.
 10501 | D:11     | Noticed a two-headed ogre
 10511 | D:11     | Killed a two-headed ogre
 11081 | D:11     | Noticed Fannar
 11454 | D:11     | Killed Fannar
 11851 | D:12     | Reached XP level 12. HP: 118/118 MP: 11/11
 12001 | D:12     | Reached skill level 15 in Fighting
 12371 | D:12     | Noticed a two-headed ogre
 12393 | D:12     | Reached skill level 1 in Evocations
 12399 | D:12     | Noticed Nergalle
 12409 | D:12     | Killed a two-headed ogre
 12687 | Lair:1   | Entered Level 1 of the Lair of Beasts
 12709 | Lair:1   | Identified the +8 glaive of Wuusk {venom, +Blink rElec
                  | Will++ SInv}
 12750 | Lair:1   | Reached skill level 1 in Polearms
 12993 | Lair:1   | Reached skill level 5 in Polearms
 13433 | Lair:1   | Received a gift from Trog
 14463 | Lair:2   | Noticed a four-headed hydra
 14469 | Lair:2   | Killed a five-headed hydra
 14523 | Lair:2   | Noticed Prince Ribbit
 14533 | Lair:2   | Killed Prince Ribbit
 14783 | Lair:2   | Reached skill level 5 in Evocations
 14801 | Lair:2   | Reached XP level 13. HP: 76/126 MP: 12/12
 15162 | Lair:2   | Noticed Urug
 15171 | Lair:2   | Killed Urug
 15437 | Lair:3   | Found a staircase to the Shoals.
 15815 | Lair:3   | Found a dark tunnel.
 15831 | Volcano  | Entered a volcano
 16550 | Volcano  | Reached skill level 10 in Polearms
 16661 | Volcano  | Noticed an orb of fire
 16703 | Volcano  | Noticed an orb of fire
 16817 | Lair:3   | Noticed Gastronok
 16834 | Lair:3   | Killed Gastronok
 16906 | Lair:3   | Noticed Sonja
 16924 | Lair:3   | Killed Sonja
 17606 | Lair:3   | Found a staircase to the Snake Pit.
 17723 | Lair:3   | Noticed Kirke
 17734 | Lair:3   | Killed Kirke
 17795 | Lair:3   | Reached skill level 1 in Throwing
 19273 | Lair:4   | Reached skill level 5 in Throwing
 19491 | Lair:5   | Entered Level 5 of the Lair of Beasts
 19731 | Lair:5   | Reached XP level 14. HP: 135/135 MP: 13/13
 19778 | Lair:5   | Found a staircase to the Slime Pits.
 19820 | Lair:5   | Found a viscous altar of Jiyva.
 20987 | Lair:5   | Found a runed translucent gate.
 20987 | Lair:5   | Found a runed translucent gate.
 21010 | Lair:5   | Found a runed translucent gate.
 21011 | Lair:5   | Noticed meatpath's ghost (journeyman TrMo)
 21895 | D:12     | Found a staircase to the Orcish Mines.
 21957 | D:12     | Killed Nergalle
 22433 | D:13     | Reached skill level 15 in Polearms
 22436 | D:13     | Found a gate leading to a gauntlet.
 22445 | Gauntlet | Entered a Gauntlet
 22445 | Gauntlet | Found a transporter.
 22448 | Gauntlet | Found a transporter.
 22450 | Gauntlet | Found a transporter.
 22466 | Gauntlet | Found a transporter.
 22479 | Gauntlet | Found a transporter.
 22497 | Gauntlet | Found a runed translucent gate.
 22498 | Gauntlet | Found a transporter.
 22498 | Gauntlet | Found a runed translucent gate.
 22499 | Gauntlet | Found a runed translucent gate.
 22511 | Gauntlet | Found a transporter.
 22513 | Gauntlet | Found a transporter.
 22517 | Gauntlet | Found a transporter.
 22526 | Gauntlet | Found a transporter.
 22526 | Gauntlet | Found a transporter.
 22532 | Gauntlet | Found a transporter.
 22943 | Gauntlet | Identified the ring of Gylo Fesm {Ice rElec Str+2}
 23244 | Orc:1    | Entered Level 1 of the Orcish Mines
 23334 | Orc:2    | Entered Level 2 of the Orcish Mines
 23353 | Orc:2    | Upgraded the game from 0.30.0-11-gf55b779eaf to
                  | 0.30.0-13-g156ef70053
 23378 | Orc:2    | Found Yxiext's Distillery.
 23388 | Orc:2    | Received a gift from Trog
 23792 | Orc:2    | Found a frozen archway.
 23801 | IceCv    | Entered an ice cave
 23824 | IceCv    | Found a transporter.
 23837 | IceCv    | Found a transporter.
 24204 | Orc:2    | Found a staircase to the Elven Halls.
 24287 | Orc:2    | Found Abifauro's General Store.
 24441 | Orc:2    | Reached XP level 15. HP: 92/146 MP: 14/14
 25045 | Orc:2    | Identified the +6 glaive "Itwum" {flame, rC+ Str-5 Stlth+}
                  | (Trog gifted it to you on level 2 of the Orcish Mines)
 25045 | Orc:2    | Received a gift from Trog
 25335 | Orc:2    | Reached skill level 1 in Shields
 25890 | Orc:2    | Reached skill level 5 in Shields
 25897 | Orc:2    | Found Osiplim's Book Boutique.
 25897 | Orc:2    | Found Vunuism's Antique Armour Shop.
 25898 | Orc:2    | Found a one-way gate leading to the halls of Pandemonium.
 25910 | Orc:2    | Bought a pair of runed gloves for 247 gold pieces
 25910 | Orc:2    | Bought a glowing scarf for 264 gold pieces
 26646 | D:14     | Noticed Rupert
 26646 | D:14     | Noticed Nessos
 26646 | D:14     | Found a gate to the Vaults.
 26873 | D:13     | Killed Rupert
 27543 | Snake:1  | Entered Level 1 of the Snake Pit
 28112 | Snake:1  | HP: 7/147 [poisoned by a naga warrior (splash of poison)]
 28787 | Snake:1  | Noticed Aizul
 28800 | Snake:1  | Killed Aizul
 29187 | Snake:1  | Reached skill level 5 in Dodging
 30170 | Snake:2  | Reached XP level 16. HP: 90/155 MP: 15/15
 32417 | Snake:2  | Reached skill level 10 in Dodging
 33287 | Snake:3  | HP: 6/157 [naga warrior/+0 hand axe (10)]
 33287 | Snake:3  | Demolished by a salamander

Illustrated notes

Levels and vault maps discovered:
D:1:      minmay_arrival_doors, layout_loops_corners
D:2:      layout_basic, basic_altar, st_stairs_12
D:3:      layout_basic, grunt_temple_overflow_open, nicolae_ecumenical_pavilion,
          minmay_distorted, uniq_terence, uniq_jessica, uniq_sigmund
D:4:      minmay_door_path, layout_cave_pods, minmay_misc_feat_nine_boxes,
          kennysheep_boxes, uniq_robin, uniq_eustachio, uniq_edmund
D:5:      layout_cave_pods
D:6:      layout_loops_ring, grunt_dithmenos_smoke_and_mirrors, tgw_xom,
          nicolae_ossuary_entry_plus, gup_sewer_entry_bowl
D:7:      layout_basic, mainiacjoe_overflow_small_starburst,
          minmay_temple_entry_drinking_statues, hellmonk_no_cap
D:8:      layout_layer_cave, uniq_maggie
D:9:      layout_small_grid, kennysheep_generic_room_9
D:10:     layout_stronghold
D:11:     layout_basic, david_lair_generic, uniq_fannar
D:12:     layout_roguey, orc_0_dummy, uniq_nergalle
D:13:     cheibrodos_orc_bank, layout_rooms, gauntlet_entry_generic,
          kennysheep_generic_room_13
D:14:     layout_loops_cross, david_vaults_3, okawaru_trees_2
Lair:1:   layout_cave_pods, evilmike_ambush [evilmike_ambush_outer_corners,
          evilmike_ambush_inner_basic]
Lair:2:   layout_roguey, beast_lair_carwin_11, uniq_prince_ribbit2, uniq_urug
Lair:3:   wander_river, layout_layer_cave, minmay_shoals_entry_beasts,
          minmay_snake_entry_six_corridors, nicolae_volcano_entry_batcave,
          uniq_gastronok, uniq_sonja, uniq_kirke
Lair:4:   layout_hall_layers, minivault_26, roderic_carrion_pond,
          infiniplex_staircase_pool, lemuel_fruit_tree
Lair:5:   grunt_lair_end_beastmaster, layout_small_grid,
          nicolae_slime_entry_slimehenge, gammafunk_ghost_icy
Snake:1:  layout_onion, grunt_ministairs_5, st_stairs_4, grunt_megastairs_5,
          nicolae_triple_integral, uniq_aizul
Snake:2:  layout_basic, nicolae_fountain_basement
Snake:3:  layout_misc_corridors, uniq_donald, uniq_vashnia, uniq_bai_suzhen
Orc:1:    layout_caves
Orc:2:    pf_orc_diabolical, layout_diamond_mine,
          portal_ice_cave_entry_pillars_2, uniq_rupert

Skill      XL: |  1  2  3  4  5  6  7  8  9 10 11 12 13 14 15 16 |
---------------+-------------------------------------------------+-----
Axes           | 4 5 7 8 9 11 12 15 16 | 16.0
Fighting       | 8 10 14 15 16 17 | 17.8
Armour         | 9 10 | 10.0
Evocations     | 5 8 |  8.3
Polearms       | 9 12 15 17 | 17.6
Throwing       | 5 8 |  8.0
Shields        | 5 |  5.6
Dodging        | 7 10 | 10.0

Action                     |  1- 3 |  4- 6 |  7- 9 | 10-12 | 13-15 | 16-18 || total
---------------------------+-------+-------+-------+-------+-------+-------++-------
  Melee: Hand axe          |    62 |     2 |       |       |       |       ||    64
         Headbutt          |     6 |     8 |    64 |    90 |   155 |    23 ||   346
         War axe           |       |    61 |   269 |   236 |       |       ||   566
         Punch             |       |       |       |     4 |       |       ||     4
         Glaive            |       |       |       |   139 |   869 |   138 ||  1146
         Demon trident     |       |       |       |       |    65 |       ||    65
  Throw: Javelin           |       |       |       |       |     5 |       ||     5
 Invoke: Berserk           |       |     3 |     2 |     7 |    13 |     2 ||    27
         Trog's Hand       |       |       |       |     3 |     3 |       ||     6
         Brothers in Arms  |       |       |       |     2 |     8 |     1 ||    11
  Evoke: Wand              |       |       |       |     8 |     6 |       ||    14
         Lightning rod     |       |       |       |       |     2 |       ||     2
         Box of beasts     |       |       |       |       |     1 |       ||     1
    Use: Scroll            |       |    10 |     8 |     4 |    10 |     1 ||    33
         Potion            |       |       |     1 |       |     2 |     2 ||     5
   Stab: Paralysed         |       |       |     2 |     1 |       |       ||     3
         Confused          |       |       |     1 |     1 |       |       ||     2
         Distracted        |       |       |       |     2 |       |       ||     2
         Invisible         |       |       |       |       |     3 |       ||     3
         Petrified         |       |       |       |       |     4 |       ||     4
 Armour: Animal skin       |     9 |       |       |       |       |       ||     9
         Scale mail        |     9 |    16 |       |       |       |       ||    25
         Chain mail        |       |     4 |    83 |       |   142 |       ||   229
         Plate armour      |       |       |    12 |   161 |   301 |    51 ||   525
  Dodge: Dodged            |    22 |    40 |   134 |   226 |   400 |    98 ||   920
  Block: Kite shield       |       |       |       |       |    16 |       ||    16
